 Dungeon Crawl Stone Soup version 0.30.0-19-g36f170ea60 (webtiles) character file.

Game seed: 17856249374955889136

1703 Irreverend the Cleaver (level 8, -3/73 HPs)
             Began as a Minotaur Berserker on May 30, 2023.
             Was a Priest of Trog.
             Slain by a large abomination (27 damage)
             ... on level 1 of the Abyss.
             The game lasted 00:05:27 (6261 turns).

Irreverend the Cleaver (Minotaur Berserker)         Turns: 6261, Time: 00:05:28

Health: -3/73      AC: 14    Str: 23    XL:     8   Next: 73%
Magic:  7/7        EV:  6    Int:  4    God:    Trog [***...]
Gold:   431        SH:  9    Dex: 11    Spells: 7/7 levels left

rFire   . . .        s - +0 war axe
rCold   . . .        u - +0 kite shield
rNeg    . . .        b - +0 plate armour
rPois   .            (helmet restricted)
rElec   .            (no cloak)
rCorr   .            v - +0 pair of gloves
SInv    .            (no boots)
Will    .....        (no amulet) Stlth
                     (no ring)
HPRegen 0.32/turn    (no ring)
MPRegen 0.10/turn

%: no passive effects
@: no status effects
A: horns 2, retaliatory headbutt
a: Renounce Religion, Berserk, Trog's Hand


You were on level 1 of the Abyss.
You worshipped Trog.
Trog was most pleased with you.
You visited 1 branch of the dungeon, and saw 7 of its levels.
You visited the Abyss 1 time.

You collected 431 gold pieces.

Inventory:

Hand Weapons
 s - a +0 war axe (weapon)
Missiles
 d - a throwing net (quivered)
Armour
 b - a +0 plate armour (worn)
 h - a +0 ring mail
 r - a +0 buckler
 u - a +0 kite shield (worn)
 v - a +0 pair of gloves (worn)
Wands
 t - a wand of mindburst (17)
 A - a wand of polymorph (3)
Scrolls
 a - 2 scrolls of acquirement {unknown}
 c - 5 scrolls of teleportation {unknown}
 e - a scroll of amnesia {unknown}
 f - 3 scrolls of enchant weapon {unknown}
 g - 8 scrolls of identify {unknown}
 j - a scroll of brand weapon {unknown}
 l - a scroll of magic mapping {unknown}
 n - a scroll of vulnerability {unknown}
 q - 3 scrolls of fear {unknown}
 y - a scroll of fog {unknown}
 z - a scroll of enchant armour {unknown}
Potions
 i - a potion of brilliance {unknown}
 k - 4 potions of curing
 m - 2 potions of flight {unknown}
 o - a potion of berserk rage {unknown}
 p - 2 potions of heal wounds {unknown}
 w - 2 potions of haste {unknown}
 x - a potion of might {unknown}


   Skills:
 + Level 7.1 Fighting
 * Level 9.2 Axes
 + Level 6.4 Armour
 - Level 3.0 Dodging
 + Level 5.2 Shields


You had 7 spell levels left.
You didn't know any spells.
Your spell library was empty.

Dungeon Overview and Level Annotations

Branches:
Dungeon (7/15)             Temple (0/1) D:6

Altars:
Okawaru

Shops:
D:4 *?[!


Innate Abilities, Weirdness & Mutations

You have a pair of horns on your head.
You reflexively headbutt those who attack you in melee.


Message History

Found a corrupted altar of Lugonu.
You open the door.
There is an open door here.
You open the door.
A white imp comes into view.
The white imp shouts, "Give up, thou dissembling sheep-biting brisket!"
There is an open door here.
The white imp gestures at you.
The puff of frost hits you but does no damage.
The white imp hits you but does no damage.
The white imp attacks as you move away! The white imp hits you.
The white imp freezes you. The white imp attacks as you move away!
You block the white imp's attack. The white imp attacks as you move away!
The white imp hits you. The white imp freezes you.
The white imp attacks as you move away! You block the white imp's attack.
The white imp attacks as you move away! You block the white imp's attack.
The small abomination hits you! The white imp attacks as you move away!
The white imp hits you but does no damage.
The white imp attacks as you move away!
The white imp hits you but does no damage.
The small abomination hits you but does no damage.
The large abomination hits you but does no damage.
You enter the shallow water.
Moving in this stuff is going to be slow.
The white imp gestures at you.
The puff of frost hits you but does no damage.
You block the large abomination's attack.
The large abomination attacks as you move away!
The large abomination hits you!!
The large abomination attacks as you move away!
The large abomination hits you but does no damage.
The large abomination attacks as you move away!
The large abomination closely misses you.
You furiously retaliate!
You headbutt the large abomination! The large abomination hits you!
The large abomination attacks as you move away!
The large abomination hits you!!
You die...

#..# .#.# ###
#...# # #.##
..## ###.#.#.
..# #.#.#..##.#
#..#..x...#
####.##.#X..#
#.###. .#.@#.#
#.#.#X#..#..##
#...~#...#.#..
##.#~....#.....#
#. .....####..##
#.... . # ..#
#...~..... .
#...#.....# ..
#.#.~.#...


You could see a large abomination and a small abomination.

Vanquished Creatures
  A water moccasin (D:6)
  An orc warrior (D:6)
  An ice beast (D:4)
  A sky beast (D:5)
  2 black bears
  A centaur (D:5)
  2 ogres (D:4)
  A scorpion (D:5)
  A howler monkey (D:4)
  3 jellies
  A gnoll bouda (D:5)
  3 orc priests
  4 hounds
  4 iguanas
  4 orc wizards
  Robin (D:2)
  7 gnolls
  6 adders
  3 worms
  3 dart slugs
  23 orcs
  4 ball pythons
  2 bats
  4 endoplasms
  A giant cockroach (D:1)
  15 goblins
  9 hobgoblins
  A quokka (D:1)
  4 frilled lizards
  9 kobolds
  A rat (D:2)
123 creatures vanquished.

Notes
Turn   | Place    | Note
-------+----------+-------------------------------------------
     0 | D:1      | Irreverend the Minotaur Berserker began the quest for the
                  | Orb.
     0 | D:1      | Reached XP level 1. HP: 19/19 MP: 0/0
   189 | D:1      | Reached XP level 2. HP: 27/27 MP: 1/1
   346 | D:1      | Reached skill level 4 in Axes
  1048 | D:2      | Noticed Robin
  1057 | D:2      | Reached XP level 3. HP: 20/33 MP: 2/2
  1062 | D:2      | Killed Robin
  1220 | D:2      | Reached ** piety under Trog
  1640 | D:3      | Reached XP level 4. HP: 32/40 MP: 3/3
  2302 | D:4      | Noticed an ogre
  2306 | D:4      | Killed an ogre
  2307 | D:4      | Reached skill level 5 in Axes
  2307 | D:4      | Reached skill level 1 in Shields
  2307 | D:4      | Reached XP level 5. HP: 47/47 MP: 4/4
  2341 | D:4      | Found Gooreybb's Distillery.
  2461 | D:4      | Reached XP level 6. HP: 55/55 MP: 5/5
  2605 | D:4      | You fall into a shaft and drop 3 floors!
  2619 | D:5      | Entered Level 5 of the Dungeon
  2691 | D:4      | Reached skill level 5 in Fighting
  2691 | D:4      | Reached skill level 6 in Axes
  2814 | D:4      | Found Husadet's Antique Armour Shoppe.
  2913 | D:4      | Found Meot Ese's General Store.
  2914 | D:4      | Found Goutikel's Magic Scroll Boutique.
  2986 | D:4      | Noticed an ice beast
  2997 | D:4      | Killed an ice beast
  3319 | D:4      | Reached XP level 7. HP: 42/61 MP: 6/6
  3859 | D:5      | Reached skill level 7 in Axes
  3939 | D:5      | Reached *** piety under Trog
  3940 | D:5      | Reached skill level 5 in Armour
  4309 | D:5      | Reached skill level 8 in Axes
  4309 | D:5      | Reached XP level 8. HP: 59/70 MP: 7/7
  5260 | D:6      | Reached skill level 9 in Axes
  5260 | D:6      | Reached skill level 5 in Shields
  5501 | D:6      | Found an iron altar of Okawaru.
  5748 | D:6      | Found a staircase to the Ecumenical Temple.
  6202 | Abyss:1  | Found a corrupted altar of Lugonu.
  6202 | Abyss:1  | Found an opulent altar of Gozag.
  6202 | Abyss:1  | Cast into level 1 of the Abyss (kobold)
  6207 | Abyss:1  | Found a corrupted altar of Lugonu.
  6247 | Abyss:1  | Noticed a large abomination
  6261 | Abyss:1  | Slain by a large abomination

Illustrated notes

Levels and vault maps discovered:
D:1:      ldierk_walled_garden_2, layout_basic
D:2:      layout_rooms, uniq_robin
D:3:      layout_loops_ring, nicolae_elevator_lobby_asterisk
D:4:      layout_loops_corners, serial_shops, shop, kennysheep_little_box, shop,
          nicolae_shop_industrial_runoff, kennysheep_small_square
D:5:      layout_loops_cross
D:6:      layout_basic, okawaru_gym_becter, minmay_temple_entry_hall
D:7:      layout_gridville, fedhas_ov_isle_minmay,
          pdpol_wu_jian_five_deadly_venoms, mainiacjoe_overflow_catwalk,
          mainiacjoe_overflow_catwalk_spiral, minmay_door_square, st_stairs_10,
          uniq_pikel
Abyss:1:  base:
D:7

Skill      XL: |  1  2  3  4  5  6  7  8 |
---------------+-------------------------+-----
Axes           | 4 5 6 8 9 |  9.2
Fighting       | 4 5 6 7 |  7.1
Armour         | 3 4 5 6 |  6.4
Dodging        | 3 |  3.0
Shields        | 1 2 4 5 |  5.2

Action                     |  1- 3 |  4- 6 |  7- 9 || total
---------------------------+-------+-------+-------++-------
  Melee: Hand axe          |    73 |    20 |       ||    93
         Headbutt          |    11 |     9 |    31 ||    51
         War axe           |       |    69 |   148 ||   217
 Invoke: Berserk           |     1 |     2 |     1 ||     4
    Use: Potion            |       |       |     1 ||     1
 Armour: Animal skin       |     4 |       |       ||     4
         Ring mail         |    16 |    21 |       ||    37
         Plate armour      |       |     5 |   102 ||   107
  Dodge: Dodged            |    48 |    41 |    40 ||   129
  Block: Buckler           |       |    13 |     4 ||    17
         Kite shield       |       |       |    58 ||    58
